 Dungeon Sprint DCSS version 0.26-a0-665-gefeb406119 (webtiles) character file.

Game seed: 2346567633266250926

18844 sahdkjhfkaj the Spry (level 12, -4/63 HPs)
             Began as a Felid Ice Elementalist on Oct 13, 2020.
             Was a High Priest of Sif Muna.
             Slain by a Killer Klown
             ... wielding a +11 club
              (12 damage)
             ... in the Dungeon (Sprint VII: "The Pits").
             The game lasted 00:39:10 (15486 turns).

sahdkjhfkaj the Spry (Felid Ice Elementalist)      Turns: 15486, Time: 00:39:11

Health: -4/63      AC:  0    Str:  4    XL:     12   Next: 31%
Magic:  7/31       EV: 37    Int: 22    God:    Sif Muna [*****.]
Gold:   11         SH:  0    Dex: 21    Spells: 5/39 levels left
                                        Lives:  0   Deaths: 4

rFire    . . .     SeeInvis +     - Unarmed
rCold    . . .     Faith    .   (shield unavailable)
rNeg     . . .     Spirit   .   (armour unavailable)
rPois    .         Reflect  .   (helmet unavailable)
rElec    .         Harm     .   (cloak unavailable)
rCorr    .         Rampage  .   (gloves unavailable)
MR       +....     NoTele   +   (boots unavailable)
Stlth    +.........             (no amulet)
HPRegen  0.20/turn              (ring currently unavailable)
MPRegen  0.22/turn              (ring currently unavailable)

@: lethally poisoned (-4 -> -14), bat-form, no potions, flying, glowing, very
quick
A: tiny, no armour, no weapons or thrown items, stealth, see invisible
a: Channel Magic, Forget Spell, Divine Exegesis, Renounce Religion


You were in the Dungeon.
You worshipped Sif Muna.
Sif Muna was extremely pleased with you.
You were in bat-form.
You visited 1 branch You collected 11 gold pieces.

Inventory:

Jewellery
 l - a +3 ring of intelligence (melded)
 m - a +3 ring of protection (melded)
 t - an uncursed amulet of guardian spirit
Scrolls
 h - 3 scrolls of remove curse
 i - 6 scrolls of amnesia
 j - 4 scrolls of identify
 k - 2 scrolls of vulnerability
 r - a scroll of fear
 u - a scroll of magic mapping
 w - a scroll of fog
Potions
 a - 2 potions of invisibility
 b - 10 potions of curing
 c - 17 potions of heal wounds
 d - 4 potions of haste
 e - 4 potions of magic
 f - a potion of berserk rage
 n - 5 potions of might
 o - 4 potions of stabbing
 p - 3 potions of mutation
 q - a potion of resistance
 s - a potion of flight
 x - a potion of brilliance
Miscellaneous
 g - a condenser vane (2/2)


   Skills:
 - Level 13.5 Fighting
 - Level 16.8 Dodging
 - Level 2.6 Stealth
 + Level 12.9 Unarmed Combat
 - Level 14.0 Spellcasting
 - Level 7.3 Conjurations
 - Level 9.2 Hexes
 * Level 12.6 Necromancy
 - Level 15.0 Transmutations
   Level 12.1 Fire Magic
 - Level 15.0 Ice Magic
 - Level 5.9 Air Magic
 - Level 12.0 Invocations


You had 5 spell levels left.
You knew the following spells:

 Your Spells              Type           Power        Failure   Level
e - Ozocubu's Refrigerat  Ice            ######....   1%          6
D - Dragon Form           Tmut           ######....   7%          7
N - Necromutation         Tmut/Necr      ######....   67%         8
O - Ozocubu's Armour      Ice            ######..     1%          3
R - Irradiate             Conj/Tmut      ######....   1%          5
S - Silence               Hex/Air        #####.....   4%          5

Your spell library contained the following spells:

 Spells                   Type           Power        Failure   Level
 Freeze                   Ice            ####         0%          1
 Wereblood                Tmut           ######..     0%          2
 Animate Skeleton         Necr           ######       1%          1
 Corona                   Hex            ######.      1%          1
 Foxfire                  Conj/Fire      ####         1%          1
 Magic Dart               Conj           ####         1%          1
 Shock                    Conj/Air       ####         1%          1
 Corpse Rot               Necr/Air       N/A          1%          2
 Ensorcelled Hibernation  Hex/Ice        ######       1%          2
 Poisonous Vapours        Pois/Air       ####..       1%          2
 Searing Ray              Conj           #####.       1%          2
 Slow                     Hex            ######..     1%          2
 Swiftness                Air            #####...     1%          2
 Confusing Touch          Hex            ######..     1%          3
 Conjure Flame            Conj/Fire      ######..     1%          3
 Dazzling Flash           Conj/Hex       ######       1%          3
 Frozen Ramparts          Ice            ######       1%          3
 Ignite Poison            Fire/Tmut/Pois ######..     1%          3
 Inner Flame              Hex/Fire       ######..     1%          3
 Mephitic Cloud           Conj/Pois/Air  ####....     1%          3
 Static Discharge         Conj/Air       #####...     1%          3
 Tukima's Dance           Hex            ######..     1%          3
 Animate Dead             Necr           ######....   1%          4
 Cause Fear               Hex            ######....   1%          4
 Fulminant Prism          Conj/Hex       ######....   1%          4
 Hailstorm                Conj/Ice       ######..     1%          4
 Ice Form                 Ice/Tmut       ######..     1%          4
 Sticky Flame             Conj/Fire      ######..     1%          4
 Summon Ice Beast         Ice/Summ       #####...     1%          4
 Fireball                 Conj/Fire      ######....   1%          5
 Metabolic Englaciation   Hex/Ice        ######....   1%          5
 Yara's Violent Unravell  Hex/Tmut       ######....   1%          5
 Stone Arrow              Conj/Erth      ####..       2%          3
 Airstrike                Air            #####.....   3%          4
 Apportation              Tloc           ###...       4%          1
 Summon Small Mammal      Summ           ###.         4%          1
 Alistair's Intoxication  Tmut/Pois      #####....    4%          5
 Iskenderun's Battlesphe  Conj           #####...     5%          5
 Leda's Liquefaction      Hex/Erth       #####.....   6%          4
 Lightning Bolt           Conj/Air       #####.....   8%          5
 Iskenderun's Mystic Bla  Conj/Tloc      ####....     9%          4
 Gell's Gravitas          Tloc           ###.......   12%         3
 Lesser Beckoning         Tloc           ###.......   12%         3
 Summon Lightning Spire   Summ/Air       ####....     12%         4
 Summon Mana Viper        Hex/Summ       #####...     17%         5
 Passage of Golubria      Tloc           N/A          36%         4
 Summon Demon             Summ           ###.......   73%         5
 Summon Forest            Summ/Tloc      ###.......   73%         5
 Hydra Form               Tmut           ######....   1%          6
 Simulacrum               Ice/Necr       ######....   1%          6
 Starburst                Conj/Fire      ######....   11%         6
 Freezing Cloud           Conj/Ice/Air   ######....   13%         6
 Invisibility             Hex            ######..     14%         6
 Eringya's Noxious Bog    Tmut/Pois      #####.....   28%         6
 Conjure Ball Lightning   Conj/Air       #####.....   38%         6
 Ignition                 Fire           ######....   87%         8
 Summon Hydra             Summ           ###.......   100%        7
 Chain Lightning          Conj/Air       #####.....   100%        8
 Disjunction              Tloc           ###.......   100%        8
 Summon Horrible Things   Summ           ###.......   100%        8
 Dragon's Call            Summ           ###.......   100%        9
 Tornado                  Air            #####.....   100%        9
 Portal Projectile        Hex/Tloc       Unusable     N/A         3

Dungeon Overview and Level Annotations

Branches:
Dungeon (1/1)

Altars:
Ashenzari
Cheibriados
Dithmenos
Elyvilon
Fedhas
Gozag
Hepliaklqana
Kikubaaqudgha
Makhleb
Nemelex Xobeh
Okawaru
Qazlal
Ru
Sif Muna
Trog
Uskayaw
Vehumet
Wu Jian
Xom
Yredelemnul
Zin
The Shining One
Beogh
Jiyva
Lugonu

Annotations:
D Boris


Innate Abilities, Weirdness & Mutations

You cannot wear armour.
You are incapable of wielding weapons or throwing items.
Your paws allow you to move quietly. (Stealth)
((You have sharp claws.))
((You have razor-sharp teeth.))
You have supernaturally acute eyesight. (SInv)
((You cover ground quickly.))
((Your thick and shaggy fur keeps you warm. (AC +3, rC+)))
((Your sharp claws are effective at attacking unaware monsters.))


Message History

Your +3 ring of intelligence melds into your body.
Your +3 ring of protection melds into your body.
You feel stupid.
* * * LOW HITPOINT WARNING * * *
You can't do that in your present form.
Unknown command.
Unknown command.
Unknown command.
Unknown command.
You cannot drink potions in your current state!
You cannot drink potions in your current state!
You cannot drink potions in your current state!
Unknown command.
Unknown command.
You feel sick.
The deep elf blademaster hits you with a +0 rapier.
* * * LOW HITPOINT WARNING * * *
The deep elf blademaster closely misses you.
The Killer Klown elbows you with a +11 club!
You die...

###### ##+# #...b#2...#
#..p:eA...# ###########
###########################+#
...).................q......#
....(.).).(.................#
##########''##############..#
))#))))#...†q.#[[[[#[[#[[#..#
))##''##..)...##''##[[#[[#..#


You could see a Killer Klown, a deep elf blademaster and an angel.

Vanquished Creatures
  A bone dragon (D)
  2 deep elf blademasters (D)
  A sphinx (D)
  A draconian monk (D)
  2 nagarajas (D)
  2 orc warlords (D)
  A ghost moth (D)
  An emperor scorpion (D)
  A draconian shifter (D)
  2 draconian annihilators (D)
  A spriggan defender (D)
  A green draconian (D)
  A minotaur (D)
  2 purple draconians (D)
  A fire dragon (D)
  Erolcha (D)
  A boulder beetle (D)
  Harold (D)
  2 vault guards (D)
  A hydra (D)
  An alligator snapping turtle (D)
  A death knight (D)
  4 death yaks (D)
  A vampire mage (D)
  Urug (D)
  4 deep elf knights (D)
  3 flayed ghosts (D)
  A deep troll (D)
  2 wizards (D)
  4 harpies (D)
  A swamp dragon (D)
  A phantasmal warrior (D)
  A deep elf mage (D)
  A wolf spider (D)
  12 orc knights (D)
  A cyclops (D)
  An elephant (D)
  A rust devil (D)
  An orange demon (D)
  A smoke demon (D)
  A gargoyle (D)
  A rime drake (D)
  A demonic crawler (D)
  A yaktaur (D)
  A freezing wraith (D)
  A komodo dragon (D)
  A hellwing (D)
  An ice devil (D)
  A troll (D)
  A tyrant leech (D)
  6 dream sheep (D)
  A blink frog (D)
  A snapping turtle (D)
  2 shadows (D)
  5 redbacks (D)
  A tarantella (D)
  A ynoxinul (D)
  2 wyverns (D)
  3 water elementals (D)
  An air elemental (D)
  5 yaks (D)
  Eustachio (D)
  A basilisk (D)
  A steam dragon (D)
  A warg (D)
  A soldier ant (D)
  2 floating eyes (D)
  4 orc warriors (D)
  A phantom (D)
  A necrophage (D)
  A centaur (D)
  15 wolves (D)
  A gnoll sergeant (D)
  A crimson imp (D)
  A quasit (D)
  A jelly (D)
  An iguana (D)
  2 orc wizards (D)
  A hell rat (D)
  A mummy (D)
  7 gnolls (D)
  A river rat (D)
  An ooze (D)
  An adder skeleton (D)
  An adder simulacrum (D)
  5 orcs (D)
  A ball python (D)
  A bat skeleton (D)
  A goblin (D)
  A quokka (D)
  A bat (D)
  A kobold (D)
  A rat (D)
168 creatures vanquished.

Vanquished Creatures (collateral kills)
  A ghost moth (D)
  A dancing weapon (D)
  Prince Ribbit (D)
  An ice beast (D)
  A river rat (D)
5 creatures vanquished.

Grand Total: 173 creatures vanquished

Notes
Turn   | Place    | Note
-------+----------+-------------------------------------------
     0 | D        | sahdkjhfkaj the Felid Ice Elementalist began the quest for
                  | the Orb.
     0 | D        | Reached XP level 1. HP: 7/7 MP: 4/4
   561 | D        | Found a bloodstained altar of Trog.
   561 | D        | Found a shimmering blue altar of Sif Muna.
   561 | D        | Found a viscous altar of Jiyva.
   561 | D        | Found a hazy altar of Hepliaklqana.
   561 | D        | Found an opulent altar of Gozag.
   562 | D        | Found a glowing golden altar of the Shining One.
   562 | D        | Found a glowing silver altar of Zin.
   562 | D        | Found a basalt altar of Yredelemnul.
   562 | D        | Found a shimmering altar of Xom.
   562 | D        | Found an ornate altar of the Wu Jian Council.
   562 | D        | Found a sacrificial altar of Ru.
   562 | D        | Found a stormy altar of Qazlal.
   562 | D        | Found an iron altar of Okawaru.
   562 | D        | Found a sparkling altar of Nemelex Xobeh.
   562 | D        | Found a burning altar of Makhleb.
   562 | D        | Found a blossoming altar of Fedhas.
   562 | D        | Found a white marble altar of Elyvilon.
   562 | D        | Found a shadowy altar of Dithmenos.
   562 | D        | Found a snail-covered altar of Cheibriados.
   563 | D        | Found a radiant altar of Vehumet.
   563 | D        | Found a corrupted altar of Lugonu.
   563 | D        | Found a roughly hewn altar of Beogh.
   564 | D        | Found an ancient bone altar of Kikubaaqudgha.
   564 | D        | Found a hide-covered altar of Uskayaw.
   564 | D        | Found a broken altar of Ashenzari.
   569 | D        | Became a worshipper of Sif Muna the Loreminder
   605 | D        | Reached skill level 3 in Dodging
   877 | D        | Reached * piety under Sif Muna
  1001 | D        | Noticed a floating eye
  1006 | D        | Paralysed by a floating eye for 3 turns
  1012 | D        | Paralysed by a floating eye for 2 turns
  1014 | D        | Killed a floating eye
  1014 | D        | Reached skill level 6 in Dodging
  1014 | D        | Reached XP level 2. HP: 11/11 MP: 1/8
  1014 | D        | Reached XP level 3. HP: 14/14 MP: 1/10
  1014 | D        | Reached XP level 4. HP: 18/18 MP: 1/11
  1030 | D        | Reached ** piety under Sif Muna
  1031 | D        | Noticed a wolf
  1206 | D        | Learned a level 3 spell: Frozen Ramparts
  1210 | D        | Learned a level 3 spell: Ozocubu's Armour
  1215 | D        | Learned a level 4 spell: Summon Ice Beast
  1222 | D        | Killed a wolf
  1222 | D        | Reached skill level 7 in Dodging
  1222 | D        | Reached skill level 5 in Spellcasting
  1222 | D        | Reached XP level 5. HP: 21/21 MP: 3/13
  1429 | D        | Reached *** piety under Sif Muna
  1429 | D        | Reached skill level 8 in Dodging
  1440 | D        | Reached **** piety under Sif Muna
  1444 | D        | Gained mutation: You are covered in thick fur. (AC +2)
                  | [Felid growth]
  1444 | D        | Reached XP level 6. HP: 24/24 MP: 11/16
  1467 | D        | Reached skill level 1 in Invocations
  1468 | D        | Noticed Prince Ribbit
  1480 | D        | Killed Prince Ribbit
  1480 | D        | Reached skill level 9 in Dodging
  1576 | D        | Reached ***** piety under Sif Muna
  1576 | D        | Identified Sif Muna's Volume of Frigorific Fire (Sif Muna
                  | gifted it to you in the Dungeon)
  1576 | D        | Received a gift from Sif Muna
  1619 | D        | Learned a level 6 spell: Ozocubu's Refrigeration
  1688 | D        | Noticed an ice beast
  1724 | D        | Killed an ice beast
  1724 | D        | Reached XP level 7. HP: 18/31 MP: 15/18
  1901 | D        | Noticed a blink frog
  1904 | D        | Killed a blink frog
  1904 | D        | Reached skill level 10 in Dodging
  2087 | D        | Noticed a dream sheep
  2087 | D        | Noticed a dream sheep
  2087 | D        | Noticed a dream sheep
  2087 | D        | Noticed a dream sheep
  2087 | D        | Noticed a dream sheep
  2087 | D        | Noticed a redback
  2087 | D        | Noticed a dream sheep
  2099 | D        | Received a gift from Sif Muna
  2099 | D        | Killed a dream sheep
  2099 | D        | Reached skill level 10 in Ice Magic
  2099 | D        | Reached XP level 8. HP: 14/36 MP: 4/20
  2099 | D        | Killed a dream sheep
  2099 | D        | Reached skill level 5 in Fighting
  2101 | D        | Killed a dream sheep
  2101 | D        | Reached skill level 11 in Dodging
  2420 | D        | Killed a dream sheep
  2420 | D        | Killed a dream sheep
  2420 | D        | Killed a dream sheep
  2422 | D        | Reached XP level 9. HP: 41/42 MP: 6/22
  2769 | D        | Noticed a deep elf mage
  2954 | D        | Noticed an orc knight
  2954 | D        | Noticed a troll
  2977 | D        | Learned a level 4 spell: Sticky Flame
  3009 | D        | Received a gift from Sif Muna
  3009 | D        | Reached skill level 1 in Conjurations
  3009 | D        | Reached skill level 1 in Fire Magic
  3323 | D        | Killed a deep elf mage
  3323 | D        | Reached skill level 10 in Invocations
  3521 | D        | Killed a troll
  3631 | D        | Identified Rutuitoja's Handbook of the Maze (Sif Muna
                  | gifted it to you in the Dungeon)
  3631 | D        | Received a gift from Sif Muna
  3805 | D        | Killed an orc knight
  3805 | D        | Reached skill level 5 in Conjurations
  3805 | D        | Reached skill level 5 in Fire Magic
  3951 | D        | Noticed a death yak
  3952 | D        | Noticed a hellwing
  3953 | D        | Noticed a komodo dragon
  3954 | D        | Reached XP level 10. HP: 46/46 MP: 17/24
  3955 | D        | Identified Sif Muna's Almanac of Feathers and Creation (Sif
                  | Muna gifted it to you in the Dungeon)
  3955 | D        | Received a gift from Sif Muna
  3956 | D        | Killed a death yak
  3958 | D        | Reached skill level 10 in Spellcasting
  4078 | D        | Received a gift from Sif Muna
  4080 | D        | Reached ****** piety under Sif Muna
  4175 | D        | Learned a level 6 spell: Freezing Cloud
  4193 | D        | Noticed Erolcha
  4237 | D        | Learned a level 5 spell: Silence
  4283 | D        | Reached skill level 1 in Hexes
  4450 | D        | Reached skill level 1 in Air Magic
  4451 | D        | Killed Erolcha
  4451 | D        | Received a gift from Sif Muna
  4672 | D        | Reached XP level 11. HP: 46/49 MP: 4/26
  4870 | D        | Noticed an orc knight
  4873 | D        | Killed an orc knight
  4873 | D        | Reached skill level 5 in Air Magic
  5015 | D        | Learned a level 5 spell: Fireball
  5073 | D        | Identified Sif Muna's Papyrus of Arcane Weapons (Sif Muna
                  | gifted it to you in the Dungeon)
  5073 | D        | Received a gift from Sif Muna
  5507 | D        | Noticed a phantasmal warrior
  5514 | D        | Killed a phantasmal warrior
  5753 | D        | Noticed a nagaraja
  5788 | D        | HP: 2/48 [poisoned by a nagaraja (bolt of poison)]
  5796 | D        | HP: 1/48 [poisoned by a nagaraja (bolt of poison)]
  6167 | D        | Noticed Urug
  6171 | D        | Hit by a javelin thrown by Urug
  6172 | D        | Reached XP level 10. HP: -2/46 MP: 25/25
  6178 | D        | Killed Urug
  6178 | D        | Reached skill level 12 in Dodging
  6338 | D        | Killed a nagaraja
  6470 | D        | Received a gift from Sif Muna
  6684 | D        | Noticed a cyclops
  6686 | D        | Reached skill level 13 in Dodging
  6687 | D        | Killed a cyclops
  6687 | D        | Reached XP level 11. HP: 53/53 MP: 8/27
  6882 | D        | Noticed Harold
  6982 | D        | Killed Harold
  6986 | D        | Reached skill level 10 in Fighting
  7148 | D        | Noticed a harpy
  7149 | D        | Noticed a harpy
  7150 | D        | Noticed a harpy
  7150 | D        | Noticed a harpy
  7153 | D        | Killed a harpy
  7153 | D        | Received a gift from Sif Muna
  7153 | D        | Killed a harpy
  7153 | D        | Killed a harpy
  7169 | D        | Killed a harpy
  7169 | D        | Reached skill level 14 in Dodging
  7573 | D        | Noticed Eustachio
  7579 | D        | Killed Eustachio
  7579 | D        | Identified Seycyqung's Tome of Floating Heat (Sif Muna
                  | gifted it to you in the Dungeon)
  7579 | D        | Received a gift from Sif Muna
  7642 | D        | Learned a level 8 spell: Ignition
  7642 | D        | Noticed a minotaur
  7646 | D        | Killed a minotaur
  7927 | D        | Noticed a boulder beetle
  7927 | D        | Noticed an emperor scorpion
  7927 | D        | Noticed a death knight
  7931 | D        | Killed a death knight
  7940 | D        | Killed a boulder beetle
  7940 | D        | Killed an emperor scorpion
  7940 | D        | Reached skill level 15 in Dodging
  7940 | D        | Gained mutation: Your thick and shaggy fur keeps you warm.
                  | (AC +3, rC+) [Felid growth]
  7940 | D        | Reached XP level 12. HP: 26/61 MP: 0/29
  8210 | D        | HP: 1/61 [something (60)]
  8284 | D        | Received a gift from Sif Muna
  8711 | D        | Noticed an orc warlord
  8711 | D        | Noticed an orc warlord
  8712 | D        | Noticed a ghost moth
  8714 | D        | Noticed a vault guard
  8715 | D        | Killed an orc warlord
  8715 | D        | Reached skill level 10 in Fire Magic
  8715 | D        | Noticed a deep elf blademaster
  8716 | D        | Noticed an alligator snapping turtle
  8743 | D        | Demolished by a deep elf blademaster
  8744 | D        | Reached XP level 11. HP: -17/57 MP: 0/29
  8761 | D        | Killed an orc warlord
  8762 | D        | Killed a deep elf blademaster
  8762 | D        | Identified Sif Muna's Volume of Beguiling (Sif Muna gifted
                  | it to you in the Dungeon)
  8762 | D        | Received a gift from Sif Muna
  8762 | D        | Reached skill level 16 in Dodging
  8890 | D        | Killed an orc knight
  8978 | D        | Noticed an orc knight
  8980 | D        | Killed an orc knight
  9074 | D        | Killed a vault guard
  9205 | D        | Noticed an orc knight
  9208 | D        | Killed an orc knight
  9477 | D        | Killed an alligator snapping turtle
  9477 | D        | Reached XP level 12. HP: 63/63 MP: 2/30
  9578 | D        | Identified Sif Muna's Handbook of Shape Shifting and
                  | Malediction (Sif Muna gifted it to you in the Dungeon)
  9578 | D        | Received a gift from Sif Muna
  9604 | D        | Noticed a bone dragon
  9810 | D        | Learned a level 7 spell: Dragon Form
 10100 | D        | Killed a ghost moth
 10100 | D        | Reached skill level 5 in Transmutations
 10547 | D        | Noticed a vault guard
 10564 | D        | Killed a vault guard
 10944 | D        | HP: 3/63 [bone dragon (4)]
 10952 | D        | Killed a bone dragon
 11310 | D        | Noticed a green draconian annihilator
 11314 | D        | Killed a green draconian annihilator
 11463 | D        | Noticed a deep elf blademaster
 11470 | D        | Killed a deep elf blademaster
 11674 | D        | Noticed a ghost moth
 11774 | D        | Reached XP level 13. HP: 66/66 MP: 12/31
 12625 | D        | Killed a ghost moth
 12625 | D        | Reached skill level 15 in Ice Magic
 12773 | D        | Got the Guide on Quantum Changing
 12855 | D        | Reached skill level 1 in Unarmed Combat
 12855 | D        | Reached skill level 15 in Transmutations
 12857 | D        | Identified Sif Muna's Catalogue of Darkness and Changing
                  | (Sif Muna gifted it to you in the Dungeon)
 12857 | D        | Received a gift from Sif Muna
 12925 | D        | Reached skill level 5 in Unarmed Combat
 13094 | D        | Noticed a purple draconian
 13099 | D        | Killed a purple draconian
 13155 | D        | Noticed a purple draconian annihilator
 13165 | D        | Received a gift from Sif Muna
 13181 | D        | Learned a level 5 spell: Irradiate
 13534 | D        | Learned a level 8 spell: Necromutation
 13628 | D        | Noticed a fire dragon
 13634 | D        | Killed a fire dragon
 13724 | D        | Killed a purple draconian annihilator
 13724 | D        | Reached skill level 10 in Unarmed Combat
 13913 | D        | Reached skill level 5 in Necromancy
 14288 | D        | Received a gift from Sif Muna
 14439 | D        | Noticed a nagaraja
 14443 | D        | Killed a nagaraja
 14575 | D        | Noticed Boris
 14589 | D        | Noticed a yellow draconian
 14592 | D        | Blown up by Boris
 14593 | D        | Reached XP level 12. HP: -66/94 MP: 27/31
 14814 | D        | Noticed a green draconian shifter
 14819 | D        | Killed a green draconian shifter
 14962 | D        | Noticed a sphinx
 14968 | D        | Killed a sphinx
 14968 | D        | Reached skill level 10 in Necromancy
 15011 | D        | Reached XP level 13. HP: 66/66 MP: 0/32
 15077 | D        | Noticed a green draconian monk
 15086 | D        | Killed a green draconian monk
 15126 | D        | Noticed a green draconian
 15134 | D        | Killed a green draconian
 15417 | D        | Noticed a white draconian monk
 15462 | D        | Slain by a white draconian monk
 15463 | D        | Reached XP level 12. HP: -4/63 MP: 4/31
 15482 | D        | Noticed a spriggan defender
 15482 | D        | Noticed a lorocyproca
 15482 | D        | Noticed a purple draconian
 15482 | D        | Noticed an angel
 15482 | D        | Noticed a deep elf blademaster
 15482 | D        | Noticed a Killer Klown
 15485 | D        | Killed a spriggan defender
 15485 | D        | Identified Sif Muna's Papyrus of Necromancy (Sif Muna
                  | gifted it to you in the Dungeon)
 15485 | D        | Received a gift from Sif Muna
 15485 | D        | Killed a purple draconian
 15486 | D        | Slain by a Killer Klown

Illustrated notes

Levels and vault maps discovered:
D:        pitsprint [storerooms_1, entrance_room_1, metal_vault_4, armoury_1,
          mini_pit_1, grid_room_1, main_hall_1, silver_pit, the_coven_3,
          the_vestibule_1, steel_vault_1, golden_pit, hallway_of_sentries,
          crystal_vault_4, iron_vault_2, final_vault]

Skill      XL: |  1  2  3  4  5  6  7  8  9 10 11 12 13 |
---------------+----------------------------------------+-----
Dodging        | 6 7 8 9 10 11 13 16 | 16.8
Ice Magic      | 6 8 9 10 11 13 14 15 | 15.0
Spellcasting   | 4 5 6 7 8 9 11 12 13 14 | 14.0
Invocations    | 4 7 9 11 12 | 12.0
Fighting       | 3 4 6 9 13 | 13.5
Conjurations   | 5 7 |  7.3
Fire Magic     | 5 7 11 12 | 12.1
Hexes          | 6 9 |  9.2
Air Magic      | 4 5 |  5.9
Transmutations | 14 15 | 15.0
Unarmed Combat | 12 11 | 12.9
Necromancy     | 12 11 | 12.6
Stealth        | |  2.6

Action                   |  1- 3 |  4- 6 |  7- 9 | 10-12 | 13-15 || total
-------------------------+-------+-------+-------+-------+-------++-------
Melee: Unarmed           |     3 |    46 |    20 |    52 |    29 ||   150
       Bite              |       |     6 |     3 |     7 |     2 ||    18
       Tailslap          |       |       |       |     1 |     2 ||     3
       Punch             |       |       |       |       |     3 ||     3
 Cast: Freeze            |    12 |     5 |     3 |       |       ||    20
       Frozen Ramparts   |       |     7 |    10 |    11 |     1 ||    29
       Ozocubu's Armour  |       |     3 |     6 |       |       ||     9
       Summon Ice Beast  |       |     2 |     1 |       |       ||     3
       Ozocubu's Refrige |       |     1 |    10 |   144 |    54 ||   209
       Sticky Flame      |       |       |     2 |    12 |       ||    14
       Fireball          |       |       |       |    12 |       ||    12
       Freezing Cloud    |       |       |       |     1 |       ||     1
       Dragon Form       |       |       |       |     3 |     8 ||    11
       Tornado           |       |       |       |     3 |       ||     3
       Chain Lightning   |       |       |       |     1 |       ||     1
       Dragon's Call     |       |       |       |     1 |       ||     1
       Irradiate         |       |       |       |       |    11 ||    11
       Summon Horrible T |       |       |       |       |     1 ||     1
       Silence           |       |       |       |       |     1 ||     1
Invok: Forget Spell      |       |       |     1 |     3 |     3 ||     7
       Channel Magic     |       |       |       |     8 |     3 ||    11
       Divine Exegesis   |       |       |       |     5 |     1 ||     6
  Use: Potion            |       |       |     2 |     2 |       ||     4
       Scroll            |       |       |       |     2 |     2 ||     4
 Stab: Distracted        |       |       |     1 |     1 |       ||     2
Armor: Skin              |     1 |     9 |     2 |    12 |    13 ||    37
Dodge: Dodged            |    11 |    43 |    48 |   173 |    71 ||   346

Table legend: (Time is in decaauts) A = Elapsed time spent in this place. B = Non-inter-level travel time spent in this place. C = Inter-level travel time spent in this place. D = Time resting spent in this place. E = Time spent auto-exploring this place. F = Levels seen in this place. G = Mean time per level. A B C D E F G +--------+--------+--------+--------+--------+-----+--------+ Total | 15006 | 14509 | 497 | 12126 | 35 | 1 | 15006.0 | Dungeon | 15006 | 14509 | 497 | 12126 | 35 | 1 | 15006.0 | +--------+--------+--------+--------+--------+-----+--------+

Top non-repeatable levels by time:
       D: 15006 daAuts
